AoeStats
← FABRIZZIO

Hideout

510227767Analyzed
1v1 RM · 1d ago on Sep 30, 2026· 53m 16s· 2 players
Game mode
Random Map
Map size
Tiny (2 player)
Population
200
Speed
Normal
Resources
Standard
Victory
Conquest
Starting age
Dark Age
Ending age
Imperial Age
RankedLock teamsTeams togetherTeam positionsShared explorationLock speedFull tech treeHidden civsTurbo modeCheats
Victory
Defeat
🇺🇸 Teutons · United States
1273
+15
🇦🇷 Spanish · Argentina
1258
-15
FABRIZZIO
6:39 Loom
9:13 Feudal Age
19:39 Castle Age
18:21 Forging
21:21 Padded Archer Armor
21:26 Double-Bit Axe
21:23 Horse Collar
30:08 Imperial Age
28:54 Wheelbarrow
29:26 Bloodlines
28:49 Light Cavalry
30:24 Scale Barding Armor
31:14 Scale Barding Armor
32:08 Iron Casting
32:24 Chain Barding Armor
32:20 Hussar
33:11 Cavalier
36:27 Plate Barding Armor
37:16 Chemistry
41:38 Paladin
45:55 Blast Furnace
chowdhuryphotos
7:04 Loom
9:33 Feudal Age
10:41 Man-at-Arms
13:02 Double-Bit Axe
14:58 Wheelbarrow
17:11 Fletching
19:49 Castle Age
17:45 Stone Mining
18:02 Horse Collar
19:01 Padded Archer Armor
19:56 Elite Skirmisher
21:37 Town Watch
23:13 Bodkin Arrow
24:15 Bow Saw
24:41 Gold Mining
26:12 Heavy Plow
29:44 Imperial Age
29:22 Forging
30:44 Leather Archer Armor
31:29 Ballistics
35:15 Hoardings
36:39 Chemistry
35:50 Masonry
36:55 Crenellations
38:00 Scale Barding Armor
38:34 Hand Cart
39:23 Two-Man Saw
39:32 Bloodlines
38:45 Cavalier
40:07 Ironclad
40:21 Chain Barding Armor
40:37 Iron Casting
41:01 Siege Engineers
42:16 Plate Barding Armor
42:17 Conscription
44:50 Masonry
45:52 Paladin
52:40 Plate Barding Armor
Connection lost

Rejoining the realm…

Still unreachable

The connection could not be restored.

Session expired

The server has moved on; the page needs a fresh start.